[Event "Titled Tuesday Blitz March 08 Late 2022"]
[White "Wartiovaara, Oliver"]
[Black "Fernandez Siles, Luis"]
[WhiteFideId "513024"]
[BlackFideId "2209420"]
[WhiteElo "1971"]
[BlackElo "2212"]
[Result "1-0"]
[Round "05"]
[TimeControl "180+1"]
[Date "2022.03.09"]
[WhiteClock "0:00:14"]
[BlackClock "0:00:38"]

1. e4 c5 2. Nf3 Nc6 3. Bb5 g6 4. O-O Bg7 5. c3 Nf6 6. Re1 O-O 7. d4 d5 8. e5 Ne4 9. Bxc6 bxc6 10. Be3 Qb6 11. Qc1 Rb8 12. b3 cxd4 13. cxd4 a5 14. Nc3 Nxc3 15. Qxc3 Ba6 16. Rac1 Rfc8 17. Bd2 a4 18. bxa4 Qb2 19. Qc5 Qxa2 20. Qxe7 Qxa4 21. e6 fxe6 22. Ng5 Rf8 23. Qxe6+ Kh8 24. Qh3 h5 25. Ne6 Rf5 26. Nxg7 Kxg7 27. Qe3 Rbf8 28. Qh6+ Kf6 29. Bf4 Rxf4 30. Qxf8+ Kg5 31. Qe7+ Kh6 32. Qe5 Qxd4 33. Qxd4 Rxd4 34. Rxc6 Rd2 35. Rxa6 d4 36. g3 1-0


[Site "https://www.chess.com"]

[Event "Titled Tuesday Blitz March 08 Late 2022"]
[White "Xiong, Jeffery"]
[Black "Dobrov, Vladimir"]
[WhiteFideId "2047640"]
[BlackFideId "4136594"]
[WhiteElo "2727"]
[BlackElo "2614"]
[Result "0-1"]
[Round "05"]
[TimeControl "180+1"]
[Date "2022.03.08"]
[WhiteClock "0:00:39"]
[BlackClock "0:00:21"]

1. e4 c5 2. Nf3 Nc6 3. Nc3 e6 4. d4 cxd4 5. Nxd4 d6 6. Be3 Nge7 7. Bc4 a6 8. Bb3 Nxd4 9. Qxd4 Nc6 10. Qd2 Be7 11. O-O-O O-O 12. h4 b5 13. Bg5 f6 14. Be3 Na5 15. Nd5 Nxb3+ 16. axb3 Bb7 17. Nxe7+ Qxe7 18. Qxd6 Qxd6 19. Rxd6 Bxe4 20. Rxe6 Bxg2 21. Rg1 Kf7 22. Rd6 Bh3 23. Rgd1 h5 24. c4 Rfe8 25. R1d4 Rec8 26. Kd2 bxc4 27. bxc4 a5 28. Rb6 a4 29. Rb7+ Kg6 30. Re4 Bg2 31. Rbe7 Bxe4 32. Rxe4 Rab8 33. Kc2 Rb4 34. Kc3 Rb3+ 35. Kc2 Rcb8 36. Bd4 Kf5 37. Re7 R3b7 38. Re3 Rb4 39. Kd3 Rd8 40. Rf3+ Kg4 41. Rg3+ Kf4 0-1


[Site "https://www.chess.com"]

[Event "Titled Tuesday Blitz March 08 Late 2022"]
[White "Zakharov, Alexander S."]
[Black "P., Komal Kishore"]
[WhiteFideId "4120132"]
[BlackFideId "5016703"]
[WhiteElo "2417"]
[BlackElo "2135"]
[Result "0-1"]
[Round "05"]
[TimeControl "180+1"]
[Date "2022.03.09"]
[WhiteClock "0:00:03"]
[BlackClock "0:00:15"]

1. e4 c6 2. d4 d5 3. e5 Bf5 4. c4 e6 5. Nc3 Ne7 6. a3 Nd7 7. c5 h6 8. Be3 Bg6 9. f4 Nf5 10. Bf2 h5 11. Nf3 Be7 12. Be2 b6 13. b4 a5 14. O-O O-O 15. Qd2 Qc7 16. Rfc1 Qb7 17. Bd3 axb4 18. axb4 b5 19. Qb2 Nxd4 20. Nxd4 Bxd3 21. Rd1 Bc4 22. Qd2 g6 23. Qe3 Rxa1 24. Rxa1 Ra8 25. Re1 Ra3 26. f5 exf5 27. e6 Nf6 28. exf7+ Kxf7 29. Qe6+ Kf8 30. Be3 Ng4 31. Nxc6 Rxc3 32. Bg5 Bxg5 33. Qe8+ Kg7 34. h4 Bxh4 35. g3 Rxg3+ 36. Kh1 d4 37. Re7+ Bxe7 38. Qxe7+ Qxe7 39. Nxe7 Kf7 40. c6 Kxe7 41. c7 Bd5# 0-1


[Site "https://www.chess.com"]

[Event "Titled Tuesday Blitz March 08 Late 2022"]
[White "Zhurbinsky, David"]
[Black "Kujawski, Adam"]
[WhiteFideId "2072904"]
[BlackFideId "1100920"]
[WhiteElo "2547"]
[BlackElo "2053"]
[Result "1-0"]
[Round "05"]
[TimeControl "180+1"]
[Date "2022.03.09"]
[WhiteClock "0:00:12"]
[BlackClock "0:00:07"]

1. e4 e5 2. Nf3 Nc6 3. Bb5 a6 4. Ba4 Nf6 5. O-O b5 6. Bb3 Be7 7. Re1 d6 8. c3 O-O 9. h3 Nb8 10. d4 Nbd7 11. Nbd2 Bb7 12. Bc2 Re8 13. Nf1 Bf8 14. Ng3 g6 15. Bg5 h6 16. Be3 Bg7 17. Qd2 Kh7 18. Nh2 exd4 19. Bxd4 c5 20. Bxf6 Nxf6 21. f4 Qc7 22. Rad1 Rad8 23. Ng4 Nxg4 24. hxg4 Qe7 25. Qf2 Qh4 26. Qf3 Re7 27. Kf2 Bc8 28. f5 gxf5 29. exf5 Rxe1 30. Rxe1 Be5 31. f6+ Kg8 32. Rxe5 dxe5 33. Kf1 Rd6 34. Bf5 Rxf6 35. Qa8 Qxg3 36. Qxc8+ Kg7 37. Kg1 Qf4 38. Qxc5 Qe3+ 39. Qxe3 1-0


[Site "https://www.chess.com"]

[Event "Titled Tuesday Blitz March 08 Late 2022"]
[White "Andersson, Bjorn 1971"]
[Black "Domingo Nunez, Alejandro"]
[WhiteFideId "1702114"]
[BlackFideId "22245561"]
[WhiteElo "2207"]
[BlackElo "2215"]
[Result "0-1"]
[Round "06"]
[TimeControl "180+1"]
[Date "2022.03.09"]
[WhiteClock "0:00:03"]
[BlackClock "0:00:03"]

1. e4 g6 2. d4 Bg7 3. Nf3 c6 4. Nc3 d5 5. e5 f6 6. Be2 Bg4 7. Bf4 Bxf3 8. Bxf3 fxe5 9. Bxe5 Bxe5 10. dxe5 e6 11. O-O Nd7 12. Re1 Nh6 13. Qd2 Nf7 14. Bg4 Qe7 15. f4 O-O-O 16. Ne2 h5 17. Bh3 g5 18. fxg5 Nxg5 19. Nf4 Rhg8 20. Kh1 Rdf8 21. c4 Kb8 22. cxd5 cxd5 23. Rac1 Nc5 24. Rxc5 Qxc5 25. Nxe6 Nxe6 26. Bxe6 Rg6 27. Qxd5 Qxd5 28. Bxd5 Rg5 29. Bf3 h4 30. h3 Kc7 31. e6 Re8 32. Bg4 Re7 33. Rc1+ Kd6 34. Rc8 Rc5 35. Rd8+ Ke5 36. Rd7 Rxd7 37. exd7 Rd5 38. b4 Kf6 39. g3 hxg3 40. Kg2 Rd3 41. h4 Ke7 42. Bh3 b6 43. h5 Rd5 44. Bg4 Rd3 45. h6 Rd6 46. h7 Rh6 47. Bf5 a5 48. bxa5 bxa5 49. Kxg3 Rh1 50. Kg4 a4 51. Kg5 Kd8 52. Bg4 Rxh7 53. Kf4 Rh2 54. Be6 Re2 55. Kf5 Rd2 56. Ke5 Kc7 57. Ke4 Kd8 58. Ke5 Rd1 59. Ke4 Ke7 0-1


[Site "https://www.chess.com"]

[Event "Titled Tuesday Blitz March 08 Late 2022"]
[White "Antonio, Jorge Carlos"]
[Black "Brunner, Nicolas"]
[WhiteFideId "113190"]
[BlackFideId "620246"]
[WhiteElo "2247"]
[BlackElo "2372"]
[Result "0-1"]
[Round "06"]
[TimeControl "180+1"]
[Date "2022.03.09"]
[WhiteClock "0:02:02"]
[BlackClock "0:01:53"]

1. d4 d5 2. Nf3 Nf6 3. e3 c6 4. Bd3 Bg4 5. h3 Bh5 6. g4 Bg6 7. Ne5 Bxd3 8. Qxd3 Nbd7 9. f4 Ne4 10. Nd2 Nxd2 11. Bxd2 e6 12. g5 h6 13. h4 hxg5 14. Nxd7 Kxd7 15. fxg5 Qxg5 16. hxg5 Rxh1+ 17. Ke2 Rxa1 18. g6 f6 19. c4 Bd6 20. c5 Bc7 21. a3 Rh8 22. e4 Rh2+ 0-1


[Site "https://www.chess.com"]

[Event "Titled Tuesday Blitz March 08 Late 2022"]
[White "Antonova, Nadezhda"]
[Black "Mekhitarian, Krikor Sevag"]
[WhiteFideId "14700182"]
[BlackFideId "2107660"]
[WhiteElo "1751"]
[BlackElo "2598"]
[Result "0-1"]
[Round "06"]
[TimeControl "180+1"]
[Date "2022.03.09"]
[WhiteClock "0:00:01"]
[BlackClock "0:02:01"]

1. Nf3 c5 2. b3 d6 3. d4 cxd4 4. Nxd4 e5 5. Nf3 Nc6 6. Bb2 f5 7. e3 Nf6 8. Be2 g6 9. O-O Bg7 10. c4 O-O 11. Nc3 h6 12. Nd5 Be6 13. Nxf6+ Bxf6 14. Qd2 Qe7 15. Rfd1 Rfd8 16. Rac1 Rac8 17. a3 Qf7 18. b4 g5 19. h3 h5 20. e4 f4 21. Nh2 Kh7 22. Re1 Rd7 23. Qd1 Kh6 24. f3 Bd8 25. Qc2 Bb6+ 26. Kh1 Nd4 27. Bxd4 Bxd4 28. Nf1 Rdc7 29. Nd2 g4 30. hxg4 hxg4 31. fxg4 Rh8 32. g3 fxg3 33. Rf1 Bf2 34. Kg2 Kg7 35. Rh1 Rcc8 36. Rxh8 Rxh8 37. Rh1 Rxh1 38. Kxh1 Qf6 39. Nf3 Bxg4 40. Kg2 Qh6 41. Qd1 Qh3# 0-1


[Site "https://www.chess.com"]

[Event "Titled Tuesday Blitz March 08 Late 2022"]
[White "Avazkhonov, Alikhon"]
[Black "Piesik, Piotr"]
[WhiteFideId "14208504"]
[BlackFideId "1136194"]
[WhiteElo "1739"]
[BlackElo "2190"]
[Result "0-1"]
[Round "06"]
[TimeControl "180+1"]
[Date "2022.03.09"]
[WhiteClock "0:00:02"]
[BlackClock "0:00:23"]

1. f4 e5 2. fxe5 d6 3. exd6 Bxd6 4. Nf3 g5 5. g3 g4 6. Nh4 Ne7 7. Nc3 Ng6 8. Nxg6 hxg6 9. Ne4 Bf5 10. Nxd6+ Qxd6 11. d3 Nc6 12. Bg2 O-O-O 13. Bf4 Qb4+ 14. Qd2 Qxb2 15. O-O Qd4+ 16. e3 Qc5 17. Rab1 f6 18. Qf2 Be6 19. e4 Qxf2+ 20. Rxf2 Bxa2 21. Rbf1 Nb4 22. Be3 f5 23. exf5 gxf5 24. c3 Nxd3 25. Rxa2 a6 26. Bd4 Rhf8 27. Re2 c5 28. Be3 b5 29. Bf4 Rfe8 30. Rxe8 Rxe8 31. Rd1 Nxf4 32. gxf4 Re3 33. Rd5 Rxc3 34. Rxf5 b4 35. Bd5 a5 36. Rg5 a4 37. f5 b3 38. f6 b2 39. Be4 Kd7 40. Re5 Kd6 41. Re8 Rf3 0-1


[Site "https://www.chess.com"]

[Event "Titled Tuesday Blitz March 08 Late 2022"]
[White "Bacrot, Etienne"]
[Black "Goltseva, Ekaterina"]
[WhiteFideId "605506"]
[BlackFideId "24173770"]
[WhiteElo "2673"]
[BlackElo "2140"]
[Result "0-1"]
[Round "06"]
[TimeControl "180+1"]
[Date "2022.03.08"]
[WhiteClock "0:00:03"]
[BlackClock "0:00:10"]

1. e4 e5 2. Nf3 Nc6 3. Bc4 Nf6 4. d3 Be7 5. O-O O-O 6. Re1 d6 7. h3 Na5 8. Nc3 Nxc4 9. dxc4 Be6 10. Qd3 Nh5 11. b3 f5 12. exf5 Bxf5 13. Qd5+ Kh8 14. Qxb7 Bxc2 15. Nd5 Rc8 16. Ba3 Nf4 17. Nxe7 Qxe7 18. Nxe5 Qf6 19. Ng4 Qg6 20. Re3 h5 21. Nh2 c6 22. g4 Qf6 23. Rf1 Bd3 24. Rxd3 Nxd3 25. gxh5 Nxf2 26. Qd7 Qg5+ 27. Ng4 Nxh3+ 28. Kh2 Nf4 29. Kg3 Nxh5+ 30. Kg2 Nf6 31. Rh1+ Nh7 32. Bxd6 Rcd8 33. Qe6 Qd2+ 34. Kg3 Qxd6+ 35. Qxd6 Rxd6 36. Ne5 Re6 37. Nd7 Rd8 38. Nc5 Rg6+ 39. Kf4 Kg8 40. Kf5 Rf6+ 41. Ke5 Ng5 42. Na6 Re8+ 43. Kd4 c5+ 44. Nxc5 Ne6+ 45. Nxe6 Rfxe6 46. c5 Rc6 47. b4 a5 48. b5 Rd8+ 49. Kc4 Rc7 50. c6 Rf7 51. Kc5 Rf5+ 52. Kb6 Rb8+ 53. Ka7 Rbxb5 54. c7 Rfc5 55. Rh5 Rxc7+ 56. Ka8 Rxh5 57. a4 Rc1 0-1


[Site "https://www.chess.com"]

[Event "Titled Tuesday Blitz March 08 Late 2022"]
[White "Baker, Chris W"]
[Black "Chernomordik, Pavel"]
[WhiteFideId "401676"]
[BlackFideId "2804530"]
[WhiteElo "2272"]
[BlackElo "2249"]
[Result "0-1"]
[Round "06"]
[TimeControl "180+1"]
[Date "2022.03.09"]
[WhiteClock "0:01:31"]
[BlackClock "0:01:22"]

1. c4 g6 2. Nf3 Bg7 3. g3 d6 4. Bg2 e5 5. d3 Nc6 6. O-O h6 7. Nc3 Be6 8. Rb1 Nge7 9. b4 Qd7 10. b5 Nd8 11. Bb2 Bh3 12. Nd5 Bxg2 13. Kxg2 O-O 14. a4 Ne6 15. Nxe7+ Qxe7 16. Nd2 f5 17. Ba3 Qf7 18. a5 Rad8 19. e3 f4 20. Qf3 Ng5 21. Qd5 f3+ 22. Nxf3 Nxf3 0-1


[Site "https://www.chess.com"]

[Event "Titled Tuesday Blitz March 08 Late 2022"]
[White "Bibasa, Bob"]
[Black "Rastbod, Ali"]
[WhiteFideId "10000240"]
[BlackFideId "12567477"]
[WhiteElo "2056"]
[BlackElo "2200"]
[Result "0-1"]
[Round "06"]
[TimeControl "180+1"]
[Date "2022.03.09"]
[WhiteClock "0:00:01"]
[BlackClock "0:00:06"]

1. e4 e6 2. d4 d5 3. Nc3 Bb4 4. Ne2 Nc6 5. e5 f6 6. a3 Bxc3+ 7. Nxc3 fxe5 8. dxe5 Nxe5 9. Bd3 Nxd3+ 10. Qxd3 Nf6 11. O-O O-O 12. Bf4 c6 13. Be5 Ng4 14. Rae1 Rf5 15. Qg3 Qg5 16. f4 Qg6 17. Bc7 Qf7 18. Bd6 Nf6 19. Qf3 h5 20. h3 h4 21. Be5 b6 22. Rf2 c5 23. Nb5 Ne8 24. Qg4 Bd7 25. Nd6 Nxd6 26. Bxd6 Qh5 27. Be5 g6 28. Rd2 Bc6 29. b4 d4 30. bxc5 bxc5 31. c3 dxc3 32. Rd6 Bd5 33. Rc1 c4 34. Rxc3 Raf8 35. Kh2 Qxg4 36. hxg4 Rxf4 37. Bxf4 Rxf4 38. Kh3 g5 39. Re3 Kg7 40. Rd7+ Kf6 41. Rxa7 Rf1 42. Kh2 Rf2 43. Ra5 Rxg2+ 44. Kh3 Ra2 45. Rc3 Bg2+ 46. Kh2 Bf1+ 47. Kg1 Bd3 48. Rc5 e5 49. Rc6+ Ke7 0-1


[Site "https://www.chess.com"]

[Event "Titled Tuesday Blitz March 08 Late 2022"]
[White "Bluebaum, Matthias"]
[Black "Vusatiuk, Vladimir"]
[WhiteFideId "24651516"]
[BlackFideId "14118610"]
[WhiteElo "2550"]
[BlackElo "2157"]
[Result "1/2-1/2"]
[Round "06"]
[TimeControl "180+1"]
[Date "2022.03.08"]
[WhiteClock "0:00:15"]
[BlackClock "0:00:07"]

1. b3 e5 2. Bb2 Nc6 3. e3 Bd6 4. Nf3 Nf6 5. d4 exd4 6. Nxd4 O-O 7. Nc3 Nxd4 8. Qxd4 Re8 9. O-O-O Be5 10. Qd3 c6 11. f4 Bc7 12. g4 Nxg4 13. Rg1 Rxe3 14. Qd2 Qh4 15. Kb1 Bxf4 16. Qd4 Be5 17. Rxg4 Bxd4 18. Rxh4 Bxc3 19. Bxc3 Rxc3 20. Re4 g6 21. Re8+ Kg7 22. Be2 b5 23. Kb2 Rh3 24. Rd8 Rxh2 25. Bg4 Bb7 26. R8xd7 Rb8 27. Rc7 h5 28. Be6 Rf2 29. Rdd7 Bc8 30. Rxf7+ Rxf7 31. Bxf7 Kf6 32. Be8 Bf5 33. Rxc6+ Kg5 34. Bf7 h4 35. Rc3 h3 36. Rg3+ Kf4 37. Rg1 g5 38. Rf1+ Kg4 39. Bd5 Rf8 40. c4 bxc4 41. bxc4 Kh4 42. c5 g4 43. c6 g3 44. c7 g2 45. Rxf5 Rc8 46. Rf4+ Kg3 47. Rf3+ Kh2 48. Be6 g1=Q 49. Rxh3+ Kg2 50. Bxc8 Qd4+ 51. Kb3 Qb6+ 52. Ka3 Qa5+ 53. Kb3 Qxc7 54. Rh8 Kf3 55. Bh3 Ke3 56. Rc8 Qb7+ 57. Ka4 Kd4 58. Rd8+ Kc5 59. Rc8+ Kd6 60. Rc3 Qa6+ 61. Kb3 Qb5+ 62. Kc2 Qe2+ 63. Kb3 Kd5 64. Bd7 a5 65. a4 Qd1+ 66. Kb2 Qd2+ 67. Kb3 Qe1 68. Bb5 Qf2 69. Rd3+ Ke4 70. Rc3 Qh2 71. Rc4+ Kd5 72. Bc6+ Kd6 73. Bb5 Qg3+ 74. Rc3 Qf2 75. Rc6+ Kd5 76. Rc3 Kd4 77. Rd3+ Ke4 78. Rc3 Qg1 79. Rc4+ Ke5 80. Rc3 Qd4 81. Rc2 Qb4+ 82. Ka2 Kd4 83. Rb2 Qc3 84. Rb3 Qc2+ 85. Rb2 Qc3 86. Rb3 Qc2+ 87. Rb2 Qc3 1/2-1/2


[Site "https://www.chess.com"]

[Event "Titled Tuesday Blitz March 08 Late 2022"]
[White "Bortnyk, Olexandr"]
[Black "Indjic, Aleksandar"]
[WhiteFideId "14120828"]
[BlackFideId "911925"]
[WhiteElo "2723"]
[BlackElo "2616"]
[Result "0-1"]
[Round "06"]
[TimeControl "180+1"]
[Date "2022.03.08"]
[WhiteClock "0:00:02"]
[BlackClock "0:00:26"]

1. e4 d6 2. d4 Nf6 3. Nc3 e5 4. g3 c6 5. Bg2 b5 6. a3 a5 7. Nge2 Nbd7 8. O-O Ba6 9. b4 Be7 10. h3 h5 11. f4 Bb7 12. Be3 Qc7 13. Kh1 O-O 14. Bf3 axb4 15. axb4 Rxa1 16. Qxa1 g6 17. f5 exd4 18. Bxd4 Ne5 19. Bg2 Qb8 20. Qc1 Nfd7 21. Nf4 Bg5 22. Qd1 Qe8 23. Qa1 h4 24. gxh4 Bxh4 25. Qa7 Bc8 26. Qc7 Qe7 27. Be3 Bf6 28. Rd1 Nc4 29. Bd4 Bxd4 30. Rxd4 Qf6 31. Nce2 Nde5 32. fxg6 fxg6 33. Rd1 g5 34. Nd3 Ne3 35. Rg1 g4 36. hxg4 Qh6+ 0-1


[Site "https://www.chess.com"]

[Event "Titled Tuesday Blitz March 08 Late 2022"]
[White "Bryakin, Mikhail"]
[Black "Bellahcene, Bilel"]
[WhiteFideId "4165314"]
[BlackFideId "696358"]
[WhiteElo "2417"]
[BlackElo "2562"]
[Result "0-1"]
[Round "06"]
[TimeControl "180+1"]
[Date "2022.03.08"]
[WhiteClock "0:00:11"]
[BlackClock "0:00:15"]

1. e4 Nf6 2. e5 Nd5 3. Nf3 d6 4. d4 dxe5 5. dxe5 Nc6 6. Be2 Bf5 7. a3 e6 8. c4 Nb6 9. O-O Be7 10. b4 Be4 11. Bb2 Bxf3 12. gxf3 Bg5 13. Nc3 Qe7 14. c5 Nd7 15. Bb5 Bf4 16. Ne2 Bxe5 17. Bxc6 bxc6 18. Bxe5 Nxe5 19. Ng3 Qf6 20. Kg2 O-O 21. Qe2 Ng6 22. Qe4 a5 23. Qxc6 axb4 24. a4 b3 25. Rfb1 Nf4+ 26. Kh1 Rfb8 27. a5 h5 28. Ra4 h4 29. Ne4 Qg6 30. Rg1 Qxg1+ 31. Kxg1 b2 32. Nf6+ gxf6 33. Rxf4 h3 0-1


[Site "https://www.chess.com"]

[Event "Titled Tuesday Blitz March 08 Late 2022"]
[White "Burke, Paul"]
[Black "Sarkar, Justin"]
[WhiteFideId "2605767"]
[BlackFideId "2010011"]
[WhiteElo "1888"]
[BlackElo "2038"]
[Result "1-0"]
[Round "06"]
[TimeControl "180+1"]
[Date "2022.03.09"]
[WhiteClock "0:01:59"]
[BlackClock "0:00:01"]

1. e4 e5 2. Nf3 Nc6 3. Bc4 Nf6 4. d4 exd4 5. O-O Bc5 6. e5 d5 7. exf6 dxc4 8. Re1+ Be6 9. Ng5 Qd5 10. Nc3 Qf5 11. Nce4 O-O-O 12. Nxe6 fxe6 13. Bg5 Rhg8 14. fxg7 Be7 15. Bxe7 Nxe7 16. Ng3 Qg6 17. Qe2 Rxg7 18. Qxe6+ Qxe6 19. Rxe6 Nd5 20. Rd1 Nf4 21. Re4 Rf7 22. Rexd4 Rxd4 23. Rxd4 1-0


[Site "https://www.chess.com"]

[Event "Titled Tuesday Blitz March 08 Late 2022"]
[White "Calcada, Lucas Galvan"]
[Black "Petrova, Irina"]
[WhiteFideId "22746099"]
[BlackFideId "14124122"]
[WhiteElo "1402"]
[BlackElo "1993"]
[Result "0-1"]
[Round "06"]
[TimeControl "180+1"]
[Date "2022.03.09"]
[WhiteClock "0:00:06"]
[BlackClock "0:00:07"]

1. e4 d6 2. d4 Nf6 3. Nc3 e5 4. Be3 exd4 5. Bxd4 Nc6 6. Be3 Be7 7. f4 O-O 8. Bd3 Re8 9. Nf3 Bf8 10. Qd2 d5 11. e5 Ng4 12. Bg1 g6 13. O-O-O Bh6 14. h3 Ngxe5 15. Nxe5 Nxe5 16. g4 Nxd3+ 17. cxd3 c6 18. Kb1 Qd6 19. g5 Bg7 20. Ne2 Bf5 21. Ng3 Qd7 22. h4 Bg4 23. Rf1 Qc7 24. h5 c5 25. hxg6 hxg6 26. Rh4 Bf5 27. Nxf5 gxf5 28. Rc1 c4 29. dxc4 dxc4 30. Qc2 c3 31. Qxf5 cxb2 32. Qh7+ Kf8 33. Qxg7+ Kxg7 34. Rxc7 Re1+ 35. Kxb2 Rxg1 36. Rxb7 Re8 37. Rxa7 Re3 38. Rh2 Rf1 39. Ra4 Ree1 40. Rg2 Rb1+ 41. Ka3 Rfc1 42. Rb4 Ra1 43. Rb3 Rc7 44. f5 Ra7+ 45. Kb4 R7xa2 46. Rxa2 Rxa2 47. Rg3 Rf2 48. f6+ Kg6 49. Kc5 Rf5+ 50. Kd6 Rxg5 51. Rxg5+ Kxg5 52. Ke5 Kg6 53. Kf4 Kxf6 54. Kf3 Kf5 55. Ke3 Kg4 56. Kf2 f6 57. Kf1 Kf3 58. Ke1 f5 59. Kf1 f4 0-1


[Site "https://www.chess.com"]

[Event "Titled Tuesday Blitz March 08 Late 2022"]
[White "Cardoso Cardoso, Jose Gabriel"]
[Black "Caruana, Fabiano"]
[WhiteFideId "4430492"]
[BlackFideId "2020009"]
[WhiteElo "2451"]
[BlackElo "2744"]
[Result "0-1"]
[Round "06"]
[TimeControl "180+1"]
[Date "2022.03.08"]
[WhiteClock "0:00:02"]
[BlackClock "0:00:25"]

1. d4 d5 2. c4 c6 3. cxd5 cxd5 4. Nc3 Nc6 5. Bf4 Nf6 6. e3 a6 7. Bd3 Bg4 8. Qb3 Na5 9. Qa4+ Bd7 10. Qc2 Rc8 11. Nf3 e6 12. O-O Be7 13. Ne5 b5 14. Qe2 Nc4 15. Rac1 O-O 16. Bg5 h6 17. Bh4 Ne8 18. Bxe7 Qxe7 19. b3 Nxe5 20. dxe5 Nc7 21. Qg4 b4 22. Na4 Bb5 23. Nc5 a5 24. Qd4 Rb8 25. g3 Bxd3 26. Qxd3 Nb5 27. Na4 Rfd8 28. Rc6 d4 29. exd4 Nxd4 30. Rc4 Nf5 31. Qe4 Rd2 32. Rc2 Rbd8 33. Rfc1 R8d4 34. Qf3 Rxc2 35. Rxc2 Rd5 36. Qe4 g6 37. Kg2 h5 38. h4 Kg7 39. Nb6 Rd8 40. Nc4 Qc5 41. Ne3 Nxe3+ 42. fxe3 Qd5 43. Kf3 Qd1+ 44. Kg2 Qb1 45. Qc6 Rd1 46. Kh2 Rf1 47. Qe4 Rf2+ 0-1


[Site "https://www.chess.com"]

[Event "Titled Tuesday Blitz March 08 Late 2022"]
[White "Corallo, Michael"]
[Black "Przybylski, Wojciech"]
[WhiteFideId "2024152"]
[BlackFideId "1117599"]
[WhiteElo "2150"]
[BlackElo "2133"]
[Result "0-1"]
[Round "06"]
[TimeControl "180+1"]
[Date "2022.03.09"]
[WhiteClock "0:00:31"]
[BlackClock "0:01:44"]

1. e4 c5 2. Nf3 d6 3. d4 cxd4 4. Nxd4 Nf6 5. Nc3 a6 6. Bg5 e6 7. f4 Qb6 8. Qd2 Qxb2 9. Rb1 Qa3 10. e5 dxe5 11. fxe5 Nd5 12. Nxd5 exd5 13. e6 fxe6 14. Be2 Nc6 15. Nxc6 bxc6 16. O-O Be7 17. Rb3 Qc5+ 18. Be3 Qd6 19. Bh5+ g6 20. Be2 e5 21. Bg5 Bf5 22. Rb7 Bxg5 23. Qxg5 O-O 24. Qh6 Bd7 0-1


[Site "https://www.chess.com"]

[Event "Titled Tuesday Blitz March 08 Late 2022"]
[White "Cori T., Deysi"]
[Black "Ishbaev, Alibek"]
[WhiteFideId "3801934"]
[BlackFideId "14205017"]
[WhiteElo "2592"]
[BlackElo "2349"]
[Result "0-1"]
[Round "06"]
[TimeControl "180+1"]
[Date "2022.03.09"]
[WhiteClock "0:00:01"]
[BlackClock "0:00:01"]

1. d4 c5 2. e3 g6 3. Nf3 Bg7 4. Nbd2 cxd4 5. exd4 Nf6 6. Be2 O-O 7. O-O d5 8. Ne5 Nc6 9. c3 Nd7 10. f4 f6 11. Nxc6 bxc6 12. f5 e5 13. fxg6 hxg6 14. dxe5 fxe5 15. c4 Rxf1+ 16. Nxf1 Qb6+ 17. Kh1 Nf6 18. Bg5 Be6 19. cxd5 cxd5 20. Ng3 Rc8 21. Bxf6 Bxf6 22. Bg4 Kg7 23. Bxe6 Qxe6 24. Qb3 Rc7 25. Rd1 Rd7 26. h3 e4 27. Qb5 a6 28. Qe2 Be5 29. Nf1 Bf4 30. Ne3 Bxe3 31. Qxe3 Qe5 32. Qb6 d4 33. Qxa6 d3 34. Qc6 Qd5 35. Qb6 Qd4 36. Qe6 e3 37. Rc1 d2 38. Rd1 Kh7 39. Qe8 Qd6 40. Qxe3 Re7 41. Qxd2 Qg3 42. Qb4 Re2 43. Qb7+ Kh6 44. b4 Rxa2 45. Qd5 Re2 46. b5 Re5 0-1


[Site "https://www.chess.com"]

[Event "Titled Tuesday Blitz March 08 Late 2022"]
[White "Cupid, Kevin"]
[Black "Pourramezanali, Amirreza"]
[WhiteFideId "7700512"]
[BlackFideId "12511412"]
[WhiteElo "2096"]
[BlackElo "2376"]
[Result "0-1"]
[Round "06"]
[TimeControl "180+1"]
[Date "2022.03.09"]
[WhiteClock "0:00:45"]
[BlackClock "0:02:06"]

1. c4 c6 2. d4 d5 3. Nc3 Nf6 4. Nf3 e6 5. Bf4 dxc4 6. a4 Bb4 7. e3 b5 8. Be2 Bb7 9. O-O a6 10. Qc2 O-O 11. Ne5 Nbd7 12. Bg5 Be7 13. Bf3 Nxe5 14. dxe5 Nd5 15. Bxe7 Qxe7 16. Be4 h6 17. Rae1 Rfd8 18. f4 Nb4 19. Qf2 Nd3 20. Bxd3 cxd3 21. Ne4 c5 22. Nd6 c4 23. e4 Rxd6 24. exd6 Qxd6 25. Qe3 Rc8 26. axb5 axb5 27. Ra1 Qc6 28. Rfe1 f5 29. Qd4 fxe4 30. Re3 Qc5 31. Qxc5 Rxc5 32. Kf2 b4 33. h3 c3 34. bxc3 bxc3 0-1


[Site "https://www.chess.com"]

[Event "Titled Tuesday Blitz March 08 Late 2022"]
[White "Debray, Christopher"]
[Black "Kozina, Anastasia"]
[WhiteFideId "630810"]
[BlackFideId "24174017"]
[WhiteElo "2393"]
[BlackElo "1993"]
[Result "1-0"]
[Round "06"]
[TimeControl "180+1"]
[Date "2022.03.09"]
[WhiteClock "0:00:02"]
[BlackClock "0:00:17"]

1. d4 e6 2. c4 Nf6 3. Nf3 Bb4+ 4. Nbd2 O-O 5. g3 d5 6. Bg2 dxc4 7. Qc2 a6 8. Qxc4 Be7 9. Qc2 Nbd7 10. O-O c5 11. Rd1 Qc7 12. b4 b6 13. bxc5 bxc5 14. Ba3 Bb7 15. Nb3 Rac8 16. dxc5 Nxc5 17. Rac1 Nfd7 18. Rxd7 Qxd7 19. Bxc5 Bxc5 20. Nxc5 Qb5 21. Ng5 g6 22. Bxb7 Rc7 23. Bf3 Rfc8 24. Nge4 Qb6 25. Qd3 f5 26. Nf6+ Kf7 27. Nfd7 Qb2 28. Rc2 Qa1+ 29. Kg2 g5 30. Qe3 g4 31. Qxe6+ Kg7 32. Qe7+ Kg6 33. Ne5+ Kh5 34. Bxg4+ fxg4 35. Qh4# 1-0


[Site "https://www.chess.com"]

[Event "Titled Tuesday Blitz March 08 Late 2022"]
[White "Denishev, Marat"]
[Black "Babazada, Khazar"]
[WhiteFideId "24131563"]
[BlackFideId "13413554"]
[WhiteElo "2197"]
[BlackElo "2418"]
[Result "0-1"]
[Round "06"]
[TimeControl "180+1"]
[Date "2022.03.08"]
[WhiteClock "0:00:02"]
[BlackClock "0:00:14"]

1. Nf3 Nf6 2. c4 g6 3. g3 Bg7 4. Bg2 O-O 5. O-O d6 6. d4 Nbd7 7. Nc3 a6 8. e4 e5 9. Re1 Re8 10. h3 Rb8 11. Be3 b5 12. cxb5 axb5 13. d5 b4 14. Na4 Nxe4 15. Qc2 Nef6 16. Rac1 Nxd5 17. Bg5 Bf6 18. Bh6 Bb7 19. Nd2 Bg7 20. Bxg7 Kxg7 21. h4 N7f6 22. Ne4 Qd7 23. Ng5 h6 24. Bh3 Qb5 25. Ne4 Nxe4 26. Rxe4 Nf6 27. Re3 c5 28. b3 Qc6 29. f3 e4 30. Bg2 Rbd8 31. Nb2 Qd7 32. Nc4 exf3 33. Bxf3 Rxe3 34. Bxb7 Rc3 0-1


[Site "https://www.chess.com"]

[Event "Titled Tuesday Blitz March 08 Late 2022"]
[White "Dias, Joao Batista"]
[Black "Galego, Luis"]
[WhiteFideId "2108240"]
[BlackFideId "1900072"]
[WhiteElo "1898"]
[BlackElo "2516"]
[Result "0-1"]
[Round "06"]
[TimeControl "180+1"]
[Date "2022.03.09"]
[WhiteClock "0:02:16"]
[BlackClock "0:02:24"]

1. d4 Nf6 2. e3 d6 3. Bd3 e5 4. dxe5 dxe5 5. Ne2 e4 6. Bc4 Qxd1+ 7. Kxd1 Nc6 8. c3 Bg4 9. h3 O-O-O+ 10. Ke1 Bh5 11. Nd2 Ne5 12. Nf4 Nxc4 13. Nxc4 Rd1# 0-1


[Site "https://www.chess.com"]

[Event "Titled Tuesday Blitz March 08 Late 2022"]
[White "Dilmukhametov, Artur"]
[Black "Arabidze, Meri"]
[WhiteFideId "24179922"]
[BlackFideId "13604040"]
[WhiteElo "2280"]
[BlackElo "2589"]
[Result "0-1"]
[Round "06"]
[TimeControl "180+1"]
[Date "2022.03.09"]
[WhiteClock "0:00:06"]
[BlackClock "0:00:14"]

1. e4 c5 2. Nf3 e6 3. c3 Nf6 4. e5 Nd5 5. d4 cxd4 6. cxd4 b6 7. Bd3 Ba6 8. O-O Bxd3 9. Qxd3 Nc6 10. Nc3 Nxc3 11. bxc3 d6 12. exd6 Bxd6 13. c4 Be7 14. d5 O-O 15. Bb2 Nb4 16. Qc3 f6 17. dxe6 Qd3 18. Rfd1 Qxc3 19. Bxc3 Rfe8 20. Rd7 Bc5 21. Re1 a5 22. a4 Nc6 23. Nh4 Nd8 24. e7 Nf7 25. Nf5 Bb4 26. Bd2 g6 27. Bxb4 axb4 28. Nd4 Ne5 29. Rb7 Nxc4 30. Nb5 b3 31. Nc7 Rac8 32. Nxe8 Rxe8 33. g3 Kf7 34. Rc7 Nd2 35. Rd7 Nf3+ 36. Kf1 Nxe1 37. Kxe1 b2 38. Rd1 Rxe7+ 39. Kf1 Rc7 40. Ke2 Rc1 0-1


[Site "https://www.chess.com"]